AoeStats
← aDT_The Night Panda

Arabia

507981155Analyzed
4v4 RM · 11d ago on Sep 20, 2026· 45m 24s· 8 players
Game mode
Random Map
Map size
Large (8 player)
Population
200
Speed
Normal
Resources
Standard
Victory
Conquest
Starting age
Dark Age
Ending age
Imperial Age
RankedLock teamsTeams togetherTeam positionsShared explorationLock speedFull tech treeHidden civsTurbo modeCheats
Victory
Defeat
🇹🇼 Tatars · Taiwan
1647
+15
🇹🇼 Malians · Taiwan
1647
+15
🇹🇼 Mapuche · Taiwan
1584
+17
🇹🇼 Vietnamese · Taiwan
1561
+18
🇩🇰 Franks · Denmark
1767
-23
🇩🇰 Celts · Denmark
1616
-16
🇩🇰 Huns · Denmark
1607
-16
🇩🇰 Khitans · Denmark
1455
-10
TvTa
7:10 Loom
9:41 Feudal Age
10:40 Double-Bit Axe
13:44 Fletching
18:06 Padded Archer Armor
22:38 Castle Age
21:29 Gold Mining
22:44 Crossbowman
23:20 Bodkin Arrow
23:44 Bow Saw
25:04 Ballistics
28:57 Leather Archer Armor
28:53 Horse Collar
32:49 Wheelbarrow
37:47 Imperial Age
38:31 Hand Cart
38:57 Gold Shaft Mining
40:06 Ring Archer Armor
40:42 Chemistry
39:14 Capped Ram
41:31 Heavy Plow
41:22 Pikeman
42:26 Scale Mail Armor
42:15 Halberdier
45:27 Chain Mail Armor
chaos(我愛亂來)
5:47 Loom
9:27 Feudal Age
12:23 Fletching
17:58 Padded Archer Armor
22:34 Town Watch
24:26 Wheelbarrow
37:16 Castle Age
37:18 Crossbowman
39:31 Bodkin Arrow
44:50 Ballistics
45:37 Leather Archer Armor
45:36 Double-Bit Axe
TW_Kenneth
6:41 Loom
8:53 Feudal Age
9:30 Double-Bit Axe
9:40 Horse Collar
17:06 Wheelbarrow
21:08 Castle Age
19:45 Bloodlines
19:46 Gold Mining
20:22 Scale Barding Armor
21:24 Forging
21:10 Light Cavalry
22:12 Chain Barding Armor
22:07 Bow Saw
23:12 Town Watch
25:55 Heavy Plow
26:24 Husbandry
27:46 Hand Cart
30:06 Gold Shaft Mining
29:23 Stone Mining
31:34 Gold Shaft Mining
32:08 Iron Casting
35:51 Imperial Age
35:52 Cavalier
37:11 Plate Barding Armor
37:27 Farimba
42:33 Conscription
41:42 Heavy Camel Rider
45:29 Coinage
P0rr1dg3
6:04 Loom
8:51 Feudal Age
9:27 Double-Bit Axe
9:43 Horse Collar
16:10 Scale Barding Armor
18:18 Bloodlines
21:39 Wheelbarrow
24:25 Castle Age
22:48 Gold Mining
25:27 Chain Barding Armor
25:08 Husbandry
24:53 Light Cavalry
34:05 Forging
41:29 Bow Saw
DK | murphelele
6:33 Loom
9:13 Feudal Age
12:11 Forging
12:13 Scale Barding Armor
14:26 Scale Barding Armor
16:07 Forging
22:56 Castle Age
21:34 Double-Bit Axe
21:31 Domestication
23:39 Husbandry
24:04 Chain Barding Armor
23:53 Gold Mining
26:42 Wheelbarrow
27:28 Iron Casting
37:38 Imperial Age
37:42 Elite Steppe Lancer
39:15 Plate Barding Armor
38:05 Elite Skirmisher
Kejserguldbajer 2.
6:01 Loom
8:44 Feudal Age
16:03 Fletching
18:05 Padded Archer Armor
22:44 Castle Age
23:20 Bodkin Arrow
22:47 Crossbowman
23:52 Double-Bit Axe
24:55 Ballistics
28:05 Horse Collar
31:08 Bloodlines
33:53 Wheelbarrow
33:03 Town Watch
34:19 Thumb Ring
34:54 Bow Saw
35:24 Hand Cart
35:45 Leather Archer Armor
35:48 Husbandry
39:01 Stone Mining
41:51 Imperial Age
43:02 Parthian Tactics
42:01 Elite Skirmisher
42:46 Bracer
43:53 Chemistry
42:27 Heavy Cavalry Archer
aDT_The Night Panda
3:28 Loom
8:56 Feudal Age
8:36 Loom
9:51 Double-Bit Axe
20:42 Wheelbarrow
22:45 Castle Age
21:02 Scale Barding Armor
21:32 Forging
21:18 Gold Mining
23:34 Wheelbarrow
22:45 Light Cavalry
23:26 Husbandry
23:48 Chain Barding Armor
23:54 Bow Saw
43:15 Hand Cart
DK | MadsKillz
4:36 Loom
9:13 Feudal Age
11:10 Fletching
16:02 Padded Archer Armor
24:11 Castle Age
22:09 Double-Bit Axe
23:02 Gold Mining
23:38 Horse Collar
24:13 Crossbowman
24:49 Bodkin Arrow
25:51 Leather Archer Armor
26:58 Ballistics
38:27 Wheelbarrow
41:03 Masonry
44:34 Imperial Age
42:06 Scale Mail Armor
44:49 Hand Cart
44:45 Onager
Connection lost

Rejoining the realm…

Still unreachable

The connection could not be restored.

Session expired

The server has moved on; the page needs a fresh start.